 Dungeon Crawl Stone Soup version 0.25-a0-194-gece12570e2 (webtiles) character file.

Game seed: 13669462942732585785, levelgen mode: deterministic

1778870 trivialoptimal the Intangible (level 25, 232/234 HPs)
             Began as a Merfolk Hunter on Dec 1, 2019.
             Was the Champion of Ru.
             Escaped with the Orb
             ... and 3 runes!
             The game lasted 02:10:29 (64566 turns).

trivialoptimal the Intangible (Merfolk Hunter)     Turns: 64566, Time: 02:10:30

Health: 232/234    AC: 17    Str: 11    XL:     25
Magic:  24/24      EV: 45    Int: 16    God:    Ru [******]
Gold:   189        SH:  4    Dex: 32    Spells: 16/40 levels left

rFire    + + .     SeeInvis .   B - +9 bardiche (flame)
rCold    . . .     Gourm    .   (shield currently unavailable)
rNeg     + . .     Faith    .   b - +2 robe {rF+}
rPois    +         Spirit   .   E - +2 helmet "Veimmuoh" {*Contam *Corrode MR+++ Dex+8}
rElec    +         Reflect  .   x - +2 cloak
rCorr    .         Harm     .   h - +2 pair of gloves
MR       ++++.     Clarity  +   L - +2 pair of boots {Fly}
Stlth    ..........             c - amulet of Pyromania {rElec Regen+}
HPRegen  0.89/turn              j - ring "Wixtexke" {rPois rN+ EV+4 Dex+6, =R}
MPRegen  0.19/turn              J - ring of protection from fire

@: flying, deflect missiles
A: change form in water, swift swim, stealthy swim, large bone plates 1, molten
scales 1, clarity, deformed body, low mp 3, screaming 2, weak 2, no stealth,
inability to use devices, no poison magic, no summoning magic, no transmutations
magic, inexperienced 1
0: Orb of Zot
}: 3/15 runes: decaying, serpentine, silver
a: Draw Out Power, Power Leap, Apocalypse, Renounce Religion


You escaped.
You worshipped Ru.
Ru was exalted by your worship.
You were completely stuffed.

You visited 8 branches of the dungeon, and saw 46 of its levels.
You visited 1 bazaar.
You also visited: Trove, Ice Cave and Wizlab.

You collected 8391 gold pieces.
You spent 8202 gold pieces at shops.

Inventory:

Hand Weapons
 B - a +9 bardiche of flaming (weapon)
   (You bought it in a shop on level 2 of the Orcish Mines)
Missiles
 d - 5 throwing nets
 e - 101 poisoned darts
 g - 10 javelins (quivered)
 A - 2 atropa-tipped darts
 N - 19 curare-tipped darts
Armour
 b - a +2 robe of fire resistance (worn)
   (You bought it in a shop on level 4 of the Vaults)
 h - a +2 pair of gloves (worn)
   (You found it on level 1 of the Dungeon)
 x - a +2 cloak (worn)
   (You found it on level 3 of the Depths)
 E - the +2 helmet "Veimmuoh" (worn) {*Contam *Corrode MR+++ Dex+8}
   (You acquired it on level 15 of the Dungeon)

   It affects your dexterity (+8).
   It affects your resistance to hostile enchantments.
   It causes magical contamination when unequipped.
   It may corrode you when you take damage.
 L - a +2 pair of boots of flying (worn)
   (You bought it in a shop in a bazaar)
 W - a scarf of spirit shield
   (You found it on level 3 of the Lair of Beasts)
Jewellery
 a - the ring of Exaal {rN+ Dex+2 SInv}
   (You took it off a tengu conjurer on level 1 of the Depths)

   [ring of see invisible]

   It affects your dexterity (+2).
   It protects you from negative energy.
   It lets you see invisible.
 c - the amulet of Pyromania (around neck) {rElec Regen+}
   (You found it in a treasure trove)

   [amulet of regeneration]

   It insulates you from electricity.
   It increases your rate of regeneration.
 j - the ring "Wixtexke" (left hand) {rPois rN+ EV+4 Dex+6, =R}
   (You found it on level 1 of the Snake Pit)

   [ring of evasion]

   It affects your evasion (+4).
   It affects your dexterity (+6).
   It protects you from poison.
   It protects you from negative energy.
 r - the ring "Amefer" {rC++ EV+4}
   (You found it on level 4 of the Depths)

   [ring of evasion]

   It affects your evasion (+4).
   It greatly protects you from cold.
 t - the ring "Senaoch" {MR- Str+4 Slay+5 Stlth+}
   (You bought it in a shop on level 4 of the Vaults)

   [ring of slaying]

   It affects your strength (+4).
   It affects your accuracy and damage with ranged weapons and melee attacks
   (+5).
   It affects your resistance to hostile enchantments.
   It makes you more stealthy.
 w - an uncursed amulet of faith {unknown}
   (You found it on level 5 of the Realm of Zot)
 H - an uncursed ring of protection from magic
   (You found it on level 8 of the Dungeon)
 J - a ring of protection from fire (right hand)
   (You bought it in a shop in a bazaar)
Scrolls
 i - 21 scrolls of teleportation
 m - 3 scrolls of blinking
 n - 11 scrolls of enchant armour
 p - 2 scrolls of holy word
 y - 5 scrolls of identify
 z - 6 scrolls of magic mapping
 C - 29 scrolls of remove curse
 D - 8 scrolls of fear
 G - a scroll of summoning
 K - 5 scrolls of vulnerability
 T - 4 scrolls of fog
 Y - 6 scrolls of immolation
Potions
 k - 23 potions of curing
 l - 6 potions of ambrosia
 o - 2 potions of haste
 q - 5 potions of mutation
 u - 3 potions of might
 v - 9 potions of brilliance
 F - 4 potions of invisibility
 O - 9 potions of heal wounds
 P - 6 potions of cancellation
 Q - 6 potions of agility
 S - a potion of resistance
 U - a potion of berserk rage
 Z - 3 potions of magic
Comestibles
 f - 57 rations


   Skills:
 O Level 27 Fighting
 - Level 26.0 Polearms
 + Level 21.8 Throwing
 O Level 27 Dodging
 - Level 8.0 Spellcasting
 - Level 8.0 Hexes
 - Level 12.0 Charms
 - Level 9.0 Air Magic


You had 16 spell levels left.
You knew the following spells:

 Your Spells              Type           Power        Failure   Level  Hunger
a - Confusing Touch       Hex            ####..       1%          1    None
b - Ozocubu's Armour      Chrm/Ice       ####....     2%          3    ##.....
c - Confuse               Hex            ####....     1%          3    ##.....
d - Deflect Missiles      Chrm/Air       #####.....   22%         6    #######
e - Silence               Hex/Air        ####......   10%         5    #####..
f - Spectral Weapon       Hex/Chrm       #####...     1%          3    ##.....
g - Regeneration          Chrm/Necr      ####......   2%          3    ##.....

Your spell library contained the following spells:

 Spells                   Type           Power        Failure   Level  Hunger
 Corona                   Hex            ####...      1%          1    None
 Infusion                 Chrm           ####         1%          1    None
 Shroud of Golubria       Chrm/Tloc      ####..       1%          2    None
 Slow                     Hex            ####....     1%          2    None
 Song of Slaying          Chrm           #####...     1%          2    None
 Tukima's Dance           Hex            ####....     1%          3    ##.....
 Ensorcelled Hibernation  Hex/Ice        ###...       3%          2    None
 Cause Fear               Hex            ####......   4%          4    ####...
 Dazzling Spray           Conj/Hex       ###...       6%          3    ##.....
 Inner Flame              Hex/Fire       ###.....     6%          3    ##.....
 Portal Projectile        Hex/Tloc       ###...       6%          3    ##.....
 Flame Tongue             Conj/Fire      #....        11%         1    None
 Freeze                   Ice            #...         11%         1    None
 Sandblast                Erth           #.....       11%         1    None
 Corpse Rot               Necr           N/A          17%         2    None
 Sublimation of Blood     Necr           #.........   17%         2    None
 Throw Flame              Conj/Fire      #.....       17%         2    None
 Throw Frost              Conj/Ice       #.....       17%         2    None
 Leda's Liquefaction      Hex/Erth       ###.......   22%         4    ####...
 Excruciating Wounds      Chrm/Necr      ####......   26%         5    #####..
 Conjure Flame            Conj/Fire      #.......     32%         3    ##.....
 Gell's Gravitas          Tloc           #.........   32%         3    ##.....
 Stone Arrow              Conj/Erth      #.....       32%         3    ##.....
 Metabolic Englaciation   Hex/Ice        ###.......   52%         5    #####..
 Animate Dead             Necr           N/A          73%         4    ####...
 Sticky Flame             Conj/Fire      #.......     73%         4    ####...
 Throw Icicle             Conj/Ice       #.......     73%         4    ####...
 Agony                    Necr           #.......     97%         5    #####..
 Bolt of Draining         Conj/Necr      #.........   97%         5    #####..
 Bolt of Magma            Conj/Fire/Erth #.........   97%         5    #####..
 Borgnjor's Vile Clutch   Necr/Erth      #.........   97%         5    #####..
 Dispel Undead            Necr           #.......     97%         5    #####..
 Fireball                 Conj/Fire      #.........   97%         5    #####..
 Lee's Rapid Deconstruct  Erth           #.........   97%         5    #####..
 Death Channel            Necr           #.........   100%        6    #######
 Iron Shot                Conj/Erth      #.........   100%        6    #######
 Simulacrum               Ice/Necr       #.........   100%        6    #######
 Discord                  Hex            ####......   100%        8    #######
 Shatter                  Erth           #.........   100%        9    #######
 Summon Guardian Golem    Hex/Summ       Unusable     N/A         3    N/A
 Summon Small Mammal      Summ           Unusable     N/A         1    N/A
 Call Imp                 Summ           Unusable     N/A         2    N/A
 Passwall                 Tmut/Erth      Unusable     N/A         2    N/A
 Summon Lightning Spire   Summ/Air       Unusable     N/A         4    N/A
 Call Canine Familiar     Summ           Unusable     N/A         3    N/A
 Ignite Poison            Fire/Tmut/Pois Unusable     N/A         3    N/A
 Recall                   Summ/Tloc      Unusable     N/A         3    N/A
 Yara's Violent Unravell  Hex/Tmut       Unusable     N/A         5    N/A
 Petrify                  Tmut/Erth      Unusable     N/A         4    N/A
 Summon Ice Beast         Ice/Summ       Unusable     N/A         4    N/A
 Alistair's Intoxication  Tmut/Pois      Unusable     N/A         5    N/A
 Irradiate                Conj/Tmut      Unusable     N/A         5    N/A
 Statue Form              Tmut/Erth      Unusable     N/A         6    N/A

Dungeon Overview and Level Annotations

Branches:
Dungeon (15/15)            Temple (0/1) D:5            Lair (6/6) D:9
  Swamp (4/4) Lair:2        Snake (4/4) Lair:4        Slime (0/5) Lair:5
    Orc (2/2) D:11            Elf (0/3) Orc:2        Vaults (5/5) D:13
  Crypt (0/3) Vaults:2     Depths (5/5) D:15            Zot (5/5) Depths:5
  IceCv (visited)          WizLab (visited)

Altars:
Ashenzari
Elyvilon
Fedhas
Gozag
Hepliaklqana
Makhleb
Okawaru
Qazlal
Ru
Sif Muna
Xom
Yredelemnul
Zin
Beogh
Jiyva

Shops:
D:8 !   Orc:2 (!*}   Vaults:4 [=   Vaults:5 !??[%???!}!:[   Depths:1 }==
Depths:3 *[[   Depths:4 %

Portals:
Hell: Depths:1 Depths:2 Depths:3 Depths:4 Depths:5
Abyss: Depths:4
Pandemonium: Depths:2 Depths:3 Depths:4
Ziggurat: Depths:3

Annotations:
D:4 3 runed translucent doors, Tiamon's ghost, novice HOMo
D:5 1 runed translucent door, grouchysmurf's ghost, novice HaWr
D:7 1 runed translucent door, no0bjke's ghost, novice GrFi
Lair:5 exclusion: oklob plant
Lair:6 Cushrimuo's ghost, journeyman DDFi


Innate Abilities, Weirdness & Mutations

You revert to your normal form in water.
You are very nimble and swift while swimming.
You are very stealthy in the water. (Stealth+)
Your magical capacity is extremely low. (-30% MP)
You cannot be stealthy.
You cannot study or use magical devices.
You cannot study or cast Poison magic.
You cannot study or cast Summoning magic.
You cannot study or cast Transmutations magic.
You are somewhat inexperienced. (-2 XL)
You are partially covered in large bone plates. (SH +4)
You are partially covered in molten scales. (AC +2)
You possess an exceptional clarity of mind.
Armour fits poorly on your strangely shaped body.
You sometimes yell uncontrollably at your foes.
You are very weak. (Str -4)


Message History

Seonn comes into view. It is armed with a painful touch.
Press: ? - help, v - describe, . - travel
Here: Seonn, armed with a painful touch (grey smoke)
The floor.
You reveal the great annihilating truth to your foes!
You kill the Brimstone Fiend!
You feel your strength returning.
The lich doubts its magic when faced with ultimate truth!
You kill the cacodemon!
Seonn is paralysed by terrible understanding!
You feel drained.
Unknown command.
Unknown command.
You hit the lich but do no damage.
The lich is severely damaged.
You redirect the lich's attack!
The lich misses you.
You slice the lich!! You burn the lich.
The lich is almost destroyed.
You cut the lich into ribbons!!! You burn the lich.
You destroy the lich!
The helpless Seonn fails to defend itself.
You slice Seonn!! You burn Seonn.
Seonn is heavily wounded.
The helpless Seonn fails to defend itself.
You slice Seonn!! You burn Seonn.
Seonn is heavily wounded.
The helpless Seonn fails to defend itself.
You chop Seonn into pieces!!!! You burn Seonn!!
You kill Seonn!
There is a stone staircase leading up, spattered with blood here.
You fly upwards.
There is a stone staircase leading down here.
Unknown command.
Unknown command.
(D) Dungeon (T) Temple (L) Lair (S) Swamp (P) Snake Pit (M) Slime Pits (O) Orcish Mines (E) Elven Halls (V) Vaults (C) Crypt (U) Depths (H) Hell (Z) Zot
Where to? (Enter - D:1 @ (x,y), ? - help)
Your extra speed is starting to run out.
You feel yourself slow down.
There is an open door here.
There is a stone staircase leading up here.
You fly upwards.
You feel a little less mighty now.
There is a stone staircase leading down here.
(D) Dungeon (T) Temple (L) Lair (S) Swamp (P) Snake Pit (M) Slime Pits (O) Orcish Mines (E) Elven Halls (V) Vaults (C) Crypt (U) Depths (H) Hell (Z) Zot
Where to? (Enter - D:1 @ (x,y), ? - help)
You feel less exhausted.
There is an open door, spattered with blood here.
Items here: ( ))) 44 bolts; a +0 arbalest x2; a +2 battleaxe of freezing Magic restored.
There is an open door here.
Things that are here:
a cursed -3 giant club; a +0 giant club x2
There is an open door here.
There is an open door, spattered with blood here.
You see here 6 large rocks.
There is an open door here.
There is an open door here.
There is an open door here.
There is an open door, spattered with blood here.
You see here a +1 battleaxe of freezing.
There is a staircase back to the Dungeon here.
You fly upwards.
Welcome back to the Dungeon!
There is a staircase to the Depths here.
An efreet comes into view.
It is wielding a +1 scimitar of flaming.
The efreet begins to attack, but is stunned by your will!
There is a stone staircase leading up here.
The efreet gestures at you.
The fireball explodes!
The fireball engulfs you! You resist.
You focus your will and slow the efreet in retribution!
You fly upwards.
There is a stone staircase leading down here.
(D) Dungeon (T) Temple (L) Lair (S) Swamp (P) Snake Pit (M) Slime Pits (O) Orcish Mines (E) Elven Halls (V) Vaults (C) Crypt (U) Depths (H) Hell (Z) Zot
Where to? (Enter - D:1 @ (x,y), ? - help) HP restored.
There is an open door, spattered with blood here.
You see here a +0 giant club.
A smoke demon, a pandemonium lord and a lich come into view.
Press: ? - help, v - describe, . - travel
Here: Emoky The floor.
The lich shouts!
Emoky gestures.
Aiming: Power Leap
Press: ? - help, Dir - move target cursor Emoky begins to attack, but is stunned by your will!
The ynoxinul begins to attack, but is stunned by your will!
The smoke demon gestures at you. Something smites you!
Emoky bursts into living lightning!
The living lightning misses you.
Emoky blinks!
You redirect the lich's attack!
The lich gestures wildly while chanting.
You fly upwards.
There is a stone staircase leading down here.
Unknown command.
Unknown command.
Unknown command.
A shadow demon comes into view.
A shadow demon is nearby!
There is a stone staircase leading up here.
You feel less exhausted.
You are feeling hungry.
You fly upwards.
There is a stone staircase leading down here.
(D) Dungeon (T) Temple (L) Lair (S) Swamp (P) Snake Pit (M) Slime Pits (O) Orcish Mines (E) Elven Halls (V) Vaults (C) Crypt (U) Depths (H) Hell (Z) Zot
Where to? (Enter - D:1 @ (x,y), ? - help)
There is a stone staircase leading up here.
You fly upwards.
There is a stone staircase leading down here.
There is an open door here.
There is an open door here.
There is a stone staircase leading up here.
You fly upwards.
There is a stone staircase leading down here.
There is an open door here.
There is a stone staircase leading up here.
You fly upwards.
There is a stone staircase leading down here.
There is a stone staircase leading up here.
Things that are here:
an uncursed ring of attention; a shield; a +0 short sword You fly upwards.
There is a stone staircase leading down here.
You yell at the black bear!
A black bear comes into view.
The black bear moves out of view.
You see here a +0 dagger.
There is a stone staircase leading up, spattered with blood here.
You fly upwards.
Level annotation: 1 runed translucent door, no0bjke's ghost, novice GrFi
There is a stone staircase leading down here.
(D) Dungeon (T) Temple (L) Lair (S) Swamp (P) Snake Pit (M) Slime Pits (O) Orcish Mines (E) Elven Halls (V) Vaults (C) Crypt (U) Depths (H) Hell (Z) Zot
Where to? (Enter - D:1 @ (x,y), ? - help)
You yell at the Orb Guardian!
An Orb Guardian comes into view.
The Orb Guardian moves out of view.
An Orb Guardian comes into view.
The Orb Guardian completely misses you. The Orb Guardian completely misses you.
You yell at the hell hound! 2 hell hounds come into view.
There is a stone staircase leading up here.
The hell hound barks! x2
The Orb Guardian hits you but does no damage.
You fly upwards.
There is a stone staircase leading down here.
Unknown command.
You closely miss the Orb Guardian.
The Orb Guardian completely misses you. x2
You cut the Orb Guardian into ribbons!!!
You burn the Orb Guardian!
The Orb Guardian is almost dead.
You closely miss the Orb Guardian.
The Orb Guardian is almost dead.
The Orb Guardian hits you!! The Orb Guardian barely misses you.
You slice the Orb Guardian!! You burn the Orb Guardian!
You kill the Orb Guardian!
Your life force feels restored.
No target in view!
(D) Dungeon (T) Temple (L) Lair (S) Swamp (P) Snake Pit (M) Slime Pits (O) Orcish Mines (E) Elven Halls (V) Vaults (C) Crypt (U) Depths (H) Hell (Z) Zot
Where to? (Enter - D:1 @ (x,y), ? - help)
An Orb Guardian comes into view.
You block the Orb Guardian's attack.
You barely miss the Orb Guardian. The Orb Guardian barely misses you.
You slice the Orb Guardian!! You burn the Orb Guardian!
The Orb Guardian is heavily wounded.
The Orb Guardian is stunned by your will and fails to attack.
You hit the Orb Guardian but do no damage.
The Orb Guardian is moderately wounded.
The Orb Guardian is stunned by your will and fails to attack.
You slice the Orb Guardian!! You burn the Orb Guardian!
The Orb Guardian is almost dead.
The Orb Guardian hits you!
You hit the Orb Guardian but do no damage.
The Orb Guardian is almost dead.
The Orb Guardian completely misses you.
You miss the Orb Guardian.
The Orb Guardian is almost dead.
You barely miss the Orb Guardian.
The Orb Guardian is almost dead.
The Orb Guardian misses you.
You slash the Orb Guardian! You burn the Orb Guardian.
The Orb Guardian is almost dead.
You redirect the Orb Guardian's attack!
The Orb Guardian hits itself but does no damage.
You miss the Orb Guardian.
The Orb Guardian is almost dead.
You redirect the Orb Guardian's attack!
The Orb Guardian hits itself!!
The Orb Guardian dies!
(D) Dungeon (T) Temple (L) Lair (S) Swamp (P) Snake Pit (M) Slime Pits (O) Orcish Mines (E) Elven Halls (V) Vaults (C) Crypt (U) Depths (H) Hell (Z) Zot
Where to? (Enter - D:1 @ (x,y), ? - help)
Things that are here:
a +0 leather armour; a +0 war axe
There is a stone staircase leading up here.
You fly upwards.
Level annotation: 1 runed translucent door, grouchysmurf's ghost, novice HaWr
There is a stone staircase leading down here.
You see here a wand of acid (7).
HP restored.
A red devil and a blizzard demon come into view.
You yell at the red devil!
Unknown command.
The blizzard demon shouts!
There is a stone staircase leading up here.
The red devil hops backward while attacking.
You block the red devil's attack.
You fly upwards.
Level annotation: 3 runed translucent doors, Tiamon's ghost, novice HOMo
There is a stone staircase leading down here.
Unknown command.
Unknown command.
No target in view!
(D) Dungeon (T) Temple (L) Lair (S) Swamp (P) Snake Pit (M) Slime Pits (O) Orcish Mines (E) Elven Halls (V) Vaults (C) Crypt (U) Depths (H) Hell (Z) Zot
Where to? (Enter - D:1 @ (x,y), ? - help)
You are feeling very hungry.
There is a stone staircase leading up here.
You fly upwards.
There is a stone staircase leading down here.
You eat one of the 60 rations.
That ration really hit the spot!
You eat one of the 59 rations.
That ration really hit the spot!
You eat one of the 58 rations.
That ration really hit the spot!
(D) Dungeon (T) Temple (L) Lair (S) Swamp (P) Snake Pit (M) Slime Pits (O) Orcish Mines (E) Elven Halls (V) Vaults (C) Crypt (U) Depths (H) Hell (Z) Zot
Where to? (Enter - D:1 @ (x,y), ? - help)
There is a stone staircase leading up here.
You fly upwards. 2 red devils and a balrug come into view.
The balrug is wielding a +0 demon whip of venom.
You yell at the balrug!
There is a stone staircase leading down here.
Unknown command.
A sun demon comes into view.
You yell at the sun demon!
The balrug gestures at you.
The fireball explodes!
The fireball engulfs you! You resist.
There is a stone staircase leading down here.
You redirect the balrug's attack!
You reach down and open the door.
The balrug gestures at you. The sticky flame misses you.
An Orb Guardian comes into view.
There is an open door here.
The balrug gestures at you. The bolt of fire misses you.
The Orb Guardian moves out of view.
The balrug gestures at you.
The fireball explodes!
The fireball engulfs you! You resist.
Aiming: Power Leap
Press: ? - help, Dir - move target cursor
Okay, then.
The balrug gestures at you.
The fireball explodes!
The fireball engulfs you! You resist.
You yell at the Executioner! 2 Executioners and a warmonger come into view.
The torturous warmonger is wielding a +1 great mace of protection.
There is a stone staircase leading up here.
Unknown command.
The balrug gestures at you.
The fireball explodes!
The fireball engulfs you. You resist.
You fly upwards.
There is a stone staircase leading down here.
Unknown command.
Unknown command.
(D) Dungeon (T) Temple (L) Lair (S) Swamp (P) Snake Pit (M) Slime Pits (O) Orcish Mines (E) Elven Halls (V) Vaults (C) Crypt (U) Depths (H) Hell (Z) Zot
Where to? (Enter - D:1 @ (x,y), ? - help)
There is an escape hatch in the floor here.
You see here a hand axe.
There is a staircase leading out of the dungeon here.
Enter note: gg You have escaped!

#...#### #...#
#...#### #.......
#...#### #...# #
#########...####
####...#.......#...
#.@#.#.#.#######.##
#.##.###.# #.##
#.....)..# #.##
####.....# #.##
#..^....## #.##
#.##.#### #.## #
#.#.# #... #...#
#### #####


There were no monsters in sight!

Vanquished Creatures
  7 ancient liches
  A pandemonium lord (Depths:3)
  8 orbs of fire
  Mennas (Vaults:4)
  3 juggernauts
  Sojobo (Vaults:3)
  8 Killer Klowns
  Frederick (Depths:3)
  the Lernaean hydra (Swamp:4)
  Saint Roka (Depths:5)
  Bai Suzhen (Snake:4)
  2 curse toes
  A caustic shrike (Depths:2)
  14 golden dragons
  Vashnia (Snake:4)
  A Brimstone Fiend (Depths:3)
  2 electric golems (Zot:5)
  Jorgrun (Swamp:1)
  25 Orb Guardians
  Rupert (D:15)
  13 tentacled monstrosities
  Asterion (Snake:3)
  5 quicksilver dragons
  4 titans
  6 liches
  5 death cobs
  7 sphinxes
  Kirke (D:15)
  3 thorn hunters
  2 draconian monks
  7 storm dragons
  4 shadow dragons
  11 tengu reavers
  A revenant (Vaults:2)
  10 nagarajas
  A deep elf sorcerer (Vaults:2)
  10 fire giants
  3 ghost moths
  8 vault wardens
  A draconian knight (Zot:4)
  2 iron dragons (Depths:5)
  4 draconian scorchers
  The ghost of Pybazxul the Nimble, a journeyman DsFi of Okawaru (Snake:1)
  2 deep elf elementalists
  3 orc warlords
  Aizul (Snake:4)
  A cacodemon (Depths:3)
  2 draconian shifters (Zot:4)
  A spriggan defender (Depths:5)
  18 frost giants
  3 draconian annihilators
  2 draconian stormcallers
  2 reapers
  A war gargoyle (Vaults:5)
  17 stone giants
  16 ironheart preservers
  4 deep elf demonologists
  The ghost of grouchysmurf the Cleaver, a journeyman HOAK of Lugonu (Lair:5)
  A caustic shrike skeleton (Depths:1)
  16 very ugly things
  7 green draconians
  7 red draconians
  6 black draconians
  A deep elf annihilator (Vaults:5)
  11 spark wasps
  4 purple draconians
  An orange crystal statue (WizLab)
  8 white draconians
  2 yellow draconians
  A crystal guardian (Vaults:4)
  Snorg (D:10)
  A deep elf death mage (Vaults:5)
  A blizzard demon (Depths:4)
  12 ettins
  9 fire dragons
  2 deep elf high priests
  7 great orbs of eyes
  Josephine (D:12)
  The ghost of Feuff the Harbinger of Death, a journeyman MiFi of Yredelemnul (Lair:3)
  Harold (D:10)
  22 yaktaur captains
  15 naga warriors
  5 ice dragons
  Fannar (D:12)
  36 vault guards
  22 hydras
  2 shambling mangroves
  6 spriggan air magi
  21 alligators
  An anaconda (shapeshifter) (Depths:1)
  8 centaur warriors
  19 anacondas
  24 two-headed ogres
  A rakshasa (Depths:2)
  11 ogre magi
  2 dancing weapons
  5 death yaks
  A ghost crab (Swamp:1)
  6 tengu warriors
  4 deep troll shamans
  2 vampire magi
  4 orc high priests (Orc:2)
  9 spriggan berserkers
  6 deep troll earth magi
  2 hell hogs (Depths:4)
  16 naga sharpshooters
  13 shock serpents
  Urug (Lair:3)
  Nergalle (Lair:3)
  Sonja (D:10)
  A fire crab (shapeshifter) (Depths:1)
  A deep elf knight (Vaults:2)
  A sun demon (Depths:4)
  6 salamander mystics
  A shadow wraith (Vaults:2)
  18 deep trolls
  2 iron trolls
  A sea snake (Snake:1)
  2 unseen horrors
  8 glowing orange brains
  2 flayed ghosts
  A spriggan druid (Swamp:4)
  9 hell knights
  A wizard (Vaults:2)
  8 naga ritualists
  2 phantasmal warriors (Vaults:5)
  14 ironbrand convokers
  10 swamp dragons
  4 lindwurms (Snake:4)
  9 orc knights
  A deep elf archer (Vaults:2)
  A harpy (shapeshifter) (Vaults:5)
  8 necromancers
  A mana viper (shapeshifter) (Depths:5)
  5 harpies (Vaults:1)
  6 orc sorcerers
  An orb spider (shapeshifter) (Depths:2)
  54 ugly things
  10 mana vipers
  4 salamanders
  11 moths of wrath
  5 manticores
  A shining eye (shapeshifter) (Vaults:5)
  A cyclops (shapeshifter) (Vaults:5)
  23 slime creatures
  A manticore (shapeshifter) (Depths:5)
  6 deep elf magi
  A wolf spider (Vaults:4)
  9 elephants
  3 centaur zombies
  A sphinx skeleton (Depths:1)
  3 cyclopes
  2 rust devils
  An ice statue (IceCv)
  10 vault sentinels
  A black mamba (shapeshifter) (Depths:5)
  29 black mambas
  A fire giant skeleton (Depths:1)
  12 guardian serpents
  22 naga magi
  A torpor snail (Lair:6)
  2 orange demons
  Psyche (D:10)
  A gargoyle (D:13)
  17 spiny frogs
  A centaur skeleton (D:15)
  3 ice devils
  3 rime drakes
  An efreet (D:15)
  4 freezing wraiths
  47 yaktaurs
  13 komodo dragons
  2 hellwings
  8 trolls
  A jumping spider (shapeshifter) (Vaults:1)
  A troll (shapeshifter) (D:13)
  A queen bee (Lair:5)
  A wind drake (shapeshifter) (Depths:2)
  8 tengu conjurers
  A tengu simulacrum (Vaults:2)
  3 meliai (Lair:5)
  23 polar bears
  8 tyrant leeches
  A dream sheep (shapeshifter) (Vaults:5)
  A blink frog (shapeshifter) (Vaults:1)
  A raiju (Lair:6)
  9 hornets
  8 dream sheep
  17 hippogriffs
  24 blink frogs
  10 bog bodies
  2 shadows
  2 spriggans (shapeshifter) (Depths:1)
  A spriggan (Depths:4)
  A vampire (D:12)
  2 hogs (D:15)
  46 yaks
  4 water elementals (Depths:1)
  4 wyverns
  A basilisk (Lair:6)
  6 wraiths
  Grum (D:8)
  2 hogs (shapeshifter)
  3 neqoxecs
  A human (D:8)
  A steam dragon (Lair:5)
  4 hungry ghosts
  A chaos spawn (Depths:4)
  15 vampire mosquitoes
  14 wargs
  13 swamp worms
  2 soldier ants
  44 nagas
  15 water moccasins
  3 acid dragons
  22 hell hounds
  3 floating eyes (Depths:5)
  6 porcupines
  59 orc warriors
  5 phantoms
  A hornet zombie (D:15)
  17 swamp drakes
  2 sky beasts
  2 ice beasts
  12 black bears
  An eye of draining (D:14)
  33 ogres
  14 boggarts
  37 wolves
  19 centaurs
  8 crocodiles
  A crocodile (shapeshifter) (Vaults:4)
  5 big kobolds
  14 bullfrogs
  A wyvern zombie (D:10)
  A water moccasin zombie (D:10)
  A scorpion (D:6)
  A wyvern skeleton (D:13)
  2 troll zombies (D:11)
  43 killer bees
  7 wights
  An electric eel (Snake:1)
  8 howler monkeys
  10 crimson imps
  A bullfrog zombie (D:12)
  6 hounds
  A human simulacrum (Vaults:3)
  3 quasits
  2 jellies
  29 orc priests
  A gnoll shaman (Orc:1)
  An iron imp (Depths:4)
  13 worker ants
  2 iguanas
  19 orc wizards
  A hell rat (Lair:5)
  A killer bee zombie (D:8)
  4 ogre zombies (D:11)
  2 worker ant zombies
  12 gnolls
  10 adders
  4 shadow imps
  2 white imps (Depths:4)
  2 oozes
  An adder zombie (D:7)
  3 worms
  3 dart slugs
  126 orcs
  7 giant cockroaches
  6 goblins
  6 hobgoblins
  9 jackals
  38 kobolds
  2 quokkas
  2 ball pythons (D:2)
  5 bats (D:1)
  3 frilled lizards
  A goblin zombie (D:11)
  A hobgoblin skeleton (D:11)
  2 hobgoblin zombies (D:11)
  A jackal skeleton (D:7)
  A leopard gecko skeleton (D:8)
  An orc skeleton (D:11)
  13 orc zombies (D:11)
  A quokka skeleton (D:4)
  A rat (shapeshifter) (Vaults:5)
  6 rats
  8 briar patches (Swamp:4)
  11 fungi
  12 plants
2100 creatures vanquished.

Vanquished Creatures (others)
  2 Orb Guardians
  A tengu reaver (Vaults:4)
  A vault warden (Vaults:5)
  A stone giant (Depths:4)
  A very ugly thing (Depths:4)
  A yellow draconian (Zot:5)
  An ettin (Vaults:5)
  A spark wasp (Depths:4)
  A yaktaur captain (Vaults:1)
  5 hydras
  A deep troll earth mage (Vaults:4)
  A naga sharpshooter (Snake:1)
  A deep troll (Depths:5)
  A swamp dragon (Swamp:4)
  A harpy (Vaults:1)
  A mana viper (Snake:1)
  An ugly thing (Vaults:3)
  A moth of wrath (Zot:5)
  A cyclops (Vaults:1)
  A centaur zombie (D:13)
  A vault sentinel (Vaults:4)
  A gargoyle (D:11)
  A naga mage (Snake:3)
  3 yaktaurs
  A polar bear (IceCv)
  A bog body (Swamp:4)
  A yak (D:7)
  A human (D:15)
  2 nagas
  A hell hound (Depths:4)
  An orc warrior (Depths:5)
  A black bear (Lair:6)
  2 wolves
  2 crocodiles
  A bullfrog (D:5)
  A killer bee (Lair:5)
  A centaur skeleton (D:5)
  3 orcs
  A frilled lizard (D:4)
  A jackal skeleton (D:8)
  2 kobolds
  An orc skeleton (D:11)
  2 briar patches (Swamp:4)
  12 fungi
  62 plants
  2 spectral weapons
  6 withered plants (Lair:6)
139 creatures vanquished.

Grand Total: 2239 creatures vanquished

Notes
Turn   | Place    | Note
-------+----------+-------------------------------------------
     0 | D:1      | trivialoptimal the Merfolk Hunter began the quest for the
                  | Orb.
     0 | D:1      | Reached XP level 1. HP: 16/16 MP: 1/1
    72 | D:1      | Reached XP level 2. HP: 17/23 MP: 2/2
   652 | D:1      | Reached XP level 3. HP: 28/30 MP: 3/3
  1062 | D:2      | Found a sacrificial altar of Ru.
  1079 | D:2      | Reached XP level 4. HP: 30/38 MP: 4/4
  1092 | D:2      | Became a worshipper of Ru the Awakened
  1350 | D:2      | Reached skill level 5 in Fighting
  1609 | D:3      | Reached XP level 5. HP: 42/44 MP: 5/5
  1708 | D:3      | Found a glowing silver altar of Zin.
  1711 | D:3      | Noticed an angel
  1715 | D:3      | Found a shimmering altar of Xom.
  2094 | D:3      | Found a shattered altar of Ashenzari.
  2101 | D:3      | Found an iron altar of Okawaru.
  2104 | D:3      | Found a white marble altar of Elyvilon.
  2105 | D:3      | Found a basalt altar of Yredelemnul.
  2115 | D:3      | Found a shimmering blue altar of Sif Muna.
  2155 | D:3      | Gained mutation: You cannot study or use magical devices.
                  | [Ru sacrifice]
  2155 | D:3      | Reached * piety under Ru
  2155 | D:3      | Reached ** piety under Ru
  2214 | D:4      | Noticed Tiamon's ghost (novice HOMo)
  2215 | D:4      | Found a runed translucent gate.
  2215 | D:4      | Noticed an ogre
  2216 | D:4      | Found a runed translucent gate.
  2216 | D:4      | Found a runed translucent gate.
  2333 | D:4      | Reached skill level 5 in Dodging
  2395 | D:4      | Reached XP level 6. HP: 32/51 MP: 6/6
  2963 | D:4      | Reached skill level 5 in Throwing
  3435 | D:5      | Entered Level 5 of the Dungeon
  3526 | D:5      | Reached XP level 7. HP: 29/56 MP: 7/7
  4131 | D:5      | Found a staircase to the Ecumenical Temple.
  4456 | D:5      | Found a runed translucent door.
  4468 | D:5      | Noticed grouchysmurf's ghost (novice HaWr)
  4518 | D:5      | Found a blossoming altar of Fedhas.
  4902 | D:6      | Gained mutation: You cannot be stealthy. [Ru sacrifice]
  4902 | D:6      | Reached *** piety under Ru
  4954 | D:6      | Reached XP level 8. HP: 57/64 MP: 8/8
  5366 | D:7      | Noticed a hippogriff
  5390 | D:6      | Killed a hippogriff
  5840 | D:7      | Found a runed translucent door.
  5840 | D:7      | Noticed no0bjke's ghost (novice GrFi)
  5985 | D:7      | Noticed a yak
  5985 | D:7      | Noticed a yak
  5985 | D:7      | Noticed a yak
  5986 | D:7      | Noticed a yak
  5986 | D:7      | Noticed a yak
  6039 | D:7      | Killed a yak
  6049 | D:7      | Killed a yak
  6437 | D:7      | Killed a yak
  6437 | D:7      | Reached skill level 5 in Polearms
  6437 | D:7      | Reached XP level 9. HP: 62/74 MP: 9/9
  7542 | D:8      | Noticed Grum
  7570 | D:7      | Reached skill level 10 in Polearms
  7632 | D:8      | Noticed a white ugly thing
  7784 | D:8      | Killed Grum
  7860 | D:8      | Gained mutation: You cannot study or cast Poison magic. [Ru
                  | sacrifice]
  7860 | D:8      | Gained mutation: You cannot study or cast Transmutations
                  | magic. [Ru sacrifice]
  7860 | D:8      | Gained mutation: You cannot study or cast Summoning magic.
                  | [Ru sacrifice]
  7860 | D:8      | Reached **** piety under Ru
  7877 | D:8      | Found Xarigreog's Distillery.
  7897 | D:8      | Reached XP level 10. HP: 48/82 MP: 10/10
  8147 | D:8      | Killed a white ugly thing
  8248 | D:8      | Reached skill level 10 in Dodging
  8341 | D:8      | Bought a potion of heal wounds for 55 gold pieces
  8341 | D:8      | Bought a potion of heal wounds for 55 gold pieces
  8341 | D:8      | Bought a potion of cancellation for 88 gold pieces
  8341 | D:8      | Bought a potion of mutation for 88 gold pieces
  8341 | D:8      | Bought a potion of agility for 44 gold pieces
  8341 | D:8      | Gained mutation: You possess an exceptional clarity of
                  | mind. [potion of mutation]
  8341 | D:8      | Gained mutation: You are robust. (+10% HP) [potion of
                  | mutation]
  8341 | D:8      | Gained mutation: You are partially covered in molten
                  | scales. (AC +2) [potion of mutation]
  8350 | D:8      | Got an ivory falchion
  8522 | D:9      | Noticed a two-headed ogre
  8828 | D:9      | Noticed a two-headed ogre
  8871 | D:9      | Noticed a two-headed ogre
  9065 | D:9      | Killed a two-headed ogre
  9577 | D:9      | Noticed a guardian serpent
  9590 | D:9      | Killed a guardian serpent
  9590 | D:9      | Reached XP level 11. HP: 76/97 MP: 11/11
  9782 | D:9      | Killed a two-headed ogre
  9816 | D:9      | Found a staircase to the Lair.
  9985 | Lair:1   | Entered Level 1 of the Lair of Beasts
 10124 | Lair:1   | Noticed a five-headed hydra
 10256 | D:9      | Identified the +1 falchion of Corcheune {venom, rPois
                  | Dex+4} (You found it on level 8 of the Dungeon)
 10725 | Lair:1   | Reached skill level 10 in Fighting
 10751 | Lair:1   | Gained mutation: You are somewhat inexperienced. (-2 XL)
                  | [Ru sacrifice]
 10751 | Lair:1   | Reached XP level 10. HP: 93/93 MP: 10/10
 10751 | Lair:1   | Reached XP level 9. HP: 85/85 MP: 9/9
 10751 | Lair:1   | Reached ***** piety under Ru
 11018 | Lair:1   | Noticed a six-headed hydra
 11286 | Lair:2   | Got a transparent scale mail
 11297 | Lair:2   | Identified the +1 scale mail of Kiebuh {rC+ Str+5} (You
                  | found it on level 2 of the Lair of Beasts)
 11375 | Lair:2   | Noticed an elephant
 11375 | Lair:2   | Noticed an elephant
 11376 | Lair:2   | Noticed an elephant
 11400 | Lair:2   | Noticed an elephant
 11408 | Lair:2   | Killed an elephant
 11408 | Lair:2   | Reached XP level 10. HP: 84/93 MP: 10/10
 11421 | Lair:2   | Killed an elephant
 11427 | Lair:2   | Killed an elephant
 11429 | Lair:2   | Killed an elephant
 11550 | Lair:2   | Found a staircase to the Swamp.
 11578 | Lair:2   | Noticed a spiny frog
 11587 | Lair:2   | Killed a spiny frog
 11592 | Lair:2   | Got an ichor-stained battleaxe
 11598 | Lair:2   | Identified the +10 battleaxe "Giant's Bane" {freeze,
                  | Stlth+} (You found it on level 2 of the Lair of Beasts)
 11707 | Lair:2   | Noticed a spiny frog
 11728 | Lair:2   | Killed a spiny frog
 11958 | Lair:3   | Noticed a spiny frog
 11969 | Lair:3   | Killed a spiny frog
 12008 | Lair:3   | Noticed Urug
 12174 | Lair:2   | Killed a six-headed hydra
 12381 | Lair:2   | Reached XP level 11. HP: 87/102 MP: 11/11
 12451 | Lair:3   | Noticed Nergalle
 12608 | Lair:3   | Killed Nergalle
 12621 | Lair:3   | Noticed a six-headed hydra
 12788 | Lair:3   | Killed a six-headed hydra
 12788 | Lair:3   | Reached skill level 15 in Dodging
 13237 | Lair:3   | Found a runed translucent door.
 13237 | Lair:3   | Found a shimmering altar of Xom.
 13237 | Lair:3   | Noticed a +1 long sword of chaos
 13238 | Lair:3   | Noticed Feuff's ghost (journeyman MiFi)
 13268 | Lair:3   | Killed Urug
 13268 | Lair:3   | Reached skill level 15 in Polearms
 13541 | Lair:3   | Killed a +1 long sword of chaos
 13546 | Lair:3   | Killed Feuff's ghost
 13737 | Lair:3   | Reached XP level 12. HP: 83/112 MP: 3/12
 13741 | Lair:3   | Gained mutation: Your magical capacity is low. (-10% MP)
                  | [Ru sacrifice]
 13741 | Lair:3   | Reached ****** piety under Ru
 13950 | Lair:4   | Found a staircase to the Snake Pit.
 14493 | Lair:5   | Found a staircase to the Slime Pits.
 14493 | Lair:5   | Found a viscous altar of Jiyva.
 14523 | Lair:5   | Noticed a five-headed hydra
 14529 | Lair:5   | Found a burning altar of Makhleb.
 14530 | Lair:5   | Killed a six-headed hydra
 14752 | Lair:5   | Reached XP level 13. HP: 113/122 MP: 11/11
 14949 | Lair:5   | You fall into a shaft and drop 1 floor!
 14949 | Lair:6   | Entered Level 6 of the Lair of Beasts
 15411 | Lair:5   | Identified the +8 trident of Okawaru {venom, rN+}
 16170 | Lair:6   | Reached skill level 15 in Fighting
 16240 | Lair:6   | Reached XP level 14. HP: 114/135 MP: 12/12
 16697 | Lair:6   | Got an iridescent great mace
 16929 | Lair:6   | Found a runed translucent gate.
 16929 | Lair:6   | Found a runed translucent gate.
 16929 | Lair:6   | Found a runed translucent gate.
 16930 | Lair:6   | Noticed Cushrimuo's ghost (journeyman DDFi)
 16930 | Lair:6   | Noticed grouchysmurf's ghost (journeyman HOAK)
 16954 | Lair:6   | Reached skill level 1 in Spellcasting
 17283 | Lair:5   | Killed grouchysmurf's ghost
 18056 | D:10     | Entered Level 10 of the Dungeon
 18061 | D:10     | Learned a level 3 spell: Confuse
 18216 | D:10     | Noticed Harold
 18241 | D:10     | Killed Harold
 18241 | D:10     | Reached skill level 1 in Hexes
 18284 | D:10     | Noticed Sonja
 18290 | D:10     | Killed Sonja
 18343 | D:10     | Noticed Snorg
 18355 | D:10     | Killed Snorg
 18429 | D:10     | Noticed Psyche
 18436 | D:10     | Paralysed by Psyche for 7 turns
 18444 | D:10     | Killed Psyche
 19009 | D:11     | Found a staircase to the Orcish Mines.
 19216 | Orc:1    | Entered Level 1 of the Orcish Mines
 19537 | Orc:1    | Noticed an orc warlord
 19574 | Orc:1    | Killed an orc warlord
 20007 | Orc:2    | Entered Level 2 of the Orcish Mines
 20014 | Orc:2    | Reached skill level 5 in Hexes
 20455 | Orc:2    | Found a roughly hewn altar of Beogh.
 20683 | Orc:2    | Reached skill level 10 in Throwing
 20683 | Orc:2    | Reached XP level 15. HP: 141/141 MP: 16/16
 20693 | Orc:2    | Found Jixtun's Weapon Emporium.
 20703 | Orc:2    | Found Faewyv's Distillery.
 20878 | Orc:2    | Got a spiked ring mail
 21066 | Orc:2    | Found a staircase to the Elven Halls.
 21256 | Orc:2    | Noticed an orc warlord
 21288 | Orc:2    | Killed an orc warlord
 21514 | Orc:2    | Found a roughly hewn altar of Beogh.
 21566 | Orc:2    | Found Rak Zooh's Assorted Antiques.
 21579 | Orc:2    | Bought a scroll labeled ILIOGGAZEO for 25 gold pieces
 21579 | Orc:2    | Bought a scroll labeled ILIOGGAZEO for 25 gold pieces
 21579 | Orc:2    | Identified the cursed +1 ring mail of Generosity {rPois rC+
                  | Dex+2} (You found it on level 2 of the Orcish Mines)
 21603 | Orc:2    | Found Ritsiapi's Gadget Boutique.
 22847 | D:12     | Learned a level 1 spell: Confusing Touch
 22876 | D:12     | Noticed Josephine
 22887 | D:12     | Killed Josephine
 23016 | D:12     | Noticed Fannar
 23027 | D:12     | Killed Fannar
 23027 | D:12     | Reached skill level 5 in Spellcasting
 23421 | D:13     | Found a flickering gateway to a bazaar.
 23428 | Bazaar   | Entered a bazaar
 23445 | Bazaar   | Found Wusesite's Jewellery Emporium.
 23445 | Bazaar   | Found Kicel's General Store.
 23466 | Bazaar   | Found Gefuedyff's Armour Emporium.
 23481 | Bazaar   | Found Zankydef's Weapon Emporium.
 23481 | Bazaar   | Found Noegezoi's Antique Armour Shoppe.
 23502 | Bazaar   | Found Gaaffot's Food Emporium.
 23537 | Bazaar   | Bought a glowing helmet for 120 gold pieces
 23582 | Bazaar   | Bought an uncursed ring of protection from fire for 275
                  | gold pieces
 23588 | Bazaar   | Bought a scroll of teleportation for 33 gold pieces
 23602 | Bazaar   | Bought a +2 pair of boots of flying for 301 gold pieces
 23718 | D:13     | Found a gate to the Vaults.
 24372 | D:14     | Found a frozen archway.
 24412 | IceCv    | Entered an ice cave
 24608 | IceCv    | Got a smoking trident
 24880 | IceCv    | Noticed a frost giant
 24901 | IceCv    | Reached XP level 16. HP: 149/149 MP: 21/21
 26052 | D:15     | Entered Level 15 of the Dungeon
 26248 | D:15     | Found a staircase to the Depths.
 26333 | D:15     | Noticed Kirke
 26344 | D:15     | Killed Kirke
 26587 | D:15     | Noticed Rupert
 26603 | D:15     | Killed Rupert
 26619 | D:15     | Identified the cursed +1 trident "Yloar" {venom, rF+ Dex+7}
                  | (You found it in an ice cave)
 26885 | D:15     | Found a portal to a secret trove of treasure.
 27289 | Swamp:1  | Entered Level 1 of the Swamp
 27382 | Snake:1  | Entered Level 1 of the Snake Pit
 27824 | Snake:1  | Found a large runed translucent door.
 27841 | Snake:1  | Found a large runed translucent door.
 27842 | Snake:1  | Noticed Pybazxul's ghost (journeyman DsFi)
 27856 | Snake:1  | Noticed a nagaraja
 27868 | Snake:1  | Killed a nagaraja
 28516 | Snake:1  | Reached XP level 17. HP: 145/160 MP: 22/22
 28899 | Snake:1  | Killed Pybazxul's ghost
 28907 | Snake:1  | Got a flickering silver ring
 28910 | Snake:1  | Identified the ring "Wixtexke" {rPois rN+ EV+4 Dex+6} (You
                  | found it on level 1 of the Snake Pit)
 30468 | Snake:3  | Noticed Asterion
 30482 | Snake:3  | Killed Asterion
 31244 | Snake:4  | Entered Level 4 of the Snake Pit
 31447 | Snake:4  | Noticed Aizul
 31465 | Snake:4  | Killed Aizul
 31969 | Snake:4  | Noticed Vashnia
 31976 | Snake:4  | Killed Vashnia
 32106 | Snake:4  | Reached XP level 18. HP: 126/171 MP: 22/22
 32330 | Snake:4  | Noticed Bai Suzhen
 32355 | Snake:4  | Killed Bai Suzhen
 32542 | Snake:4  | Got a serpentine rune of Zot
 33750 | Swamp:1  | Noticed Jorgrun
 33790 | Swamp:1  | Killed Jorgrun
 33841 | Swamp:1  | Reached XP level 19. HP: 115/179 MP: 23/23
 34442 | Swamp:2  | Reached skill level 15 in Throwing
 35457 | Swamp:4  | Entered Level 4 of the Swamp
 36624 | Swamp:4  | Noticed the 27-headed Lernaean hydra
 36644 | Swamp:4  | Killed the 27-headed Lernaean hydra
 37027 | Swamp:4  | Got a decaying rune of Zot
 37500 | Orc:2    | Bought a +0 bardiche for 126 gold pieces
 37639 | Vaults:1 | Entered Level 1 of the Vaults
 37737 | Vaults:1 | Found a magical portal.
 37849 | WizLab   | Found the +9 staff of Wucad Mu {channel}
 37912 | WizLab   | Reached XP level 20. HP: 130/191 MP: 24/24
 37920 | WizLab   | Learned a level 6 spell: Deflect Missiles
 38559 | Vaults:1 | Got a heavily runed chain mail
 39287 | Orc:2    | Bought an embroidered robe for 92 gold pieces
 40094 | Vaults:2 | Reached XP level 21. HP: 191/198 MP: 25/25
 40190 | Vaults:2 | Found a staircase to the Crypt.
 40553 | Vaults:2 | Identified the +7 long sword "Newtslayer" {slice, rElec rN+
                  | Str-5 Int+2}
 41283 | Vaults:3 | You are sucked into a shaft and drop 1 floor!
 41284 | Vaults:4 | Noticed Mennas
 41429 | Vaults:3 | Noticed Sojobo
 41453 | Vaults:3 | Killed Sojobo
 42139 | Vaults:3 | Got a bloodstained plate armour
 42150 | Vaults:3 | Identified the +2 plate armour of Vyemoili {MR- rCorr
                  | Str+2} (You found it on level 3 of the Vaults)
 42160 | Vaults:3 | Identified the +8 chain mail of Heed Ereo {*Slow rCorr
                  | Str+2 Int+7} (You found it on level 1 of the Vaults)
 42612 | Vaults:4 | Reached skill level 1 in Charms
 42667 | Vaults:4 | Reached skill level 1 in Air Magic
 43159 | Vaults:4 | Killed Mennas
 43693 | Vaults:4 | Found Ahayneat's Antique Armour Shop.
 43707 | Vaults:4 | Bought an embroidered robe for 177 gold pieces
 43995 | Vaults:4 | Found Dynnih's Jewellery Boutique.
 43998 | Vaults:4 | Bought the ring "Senaoch" {MR- Str+4 Slay+5 Stlth+} for
                  | 1839 gold pieces
 44284 | Depths:1 | Entered Level 1 of the Depths
 44321 | Depths:1 | Found Fiocunig's Jewellery Shoppe.
 44322 | Depths:1 | Found Poyw's Gadget Boutique.
 44323 | Depths:1 | Found Bemeuclu's Jewellery Shoppe.
 44379 | Depths:1 | Reached XP level 22. HP: 193/209 MP: 26/26
 44418 | Depths:1 | Reached skill level 5 in Charms
 44634 | Depths:1 | Found a shimmering altar of Xom.
 44993 | Depths:1 | Found a gateway to Hell.
 45044 | Depths:1 | Identified the ring of Exaal {rN+ Dex+2 SInv}
 45951 | Depths:2 | Reached skill level 5 in Air Magic
 46243 | Depths:2 | Found a one-way gate leading to the halls of Pandemonium.
 46318 | Depths:2 | Reached XP level 23. HP: 145/220 MP: 27/27
 47161 | Depths:2 | Identified the +5 scimitar of War {elec, rPois rC- Dex+7}
 47256 | Depths:2 | Noticed a caustic shrike
 47265 | Depths:2 | Killed a caustic shrike
 47287 | Depths:2 | Noticed a juggernaut
 47296 | Depths:2 | Killed a juggernaut
 47519 | Depths:2 | Found the +0 sword of Power
 47932 | Depths:2 | Learned a level 3 spell: Ozocubu's Armour
 48061 | Depths:3 | Reached XP level 24. HP: 164/228 MP: 29/29
 48277 | Depths:3 | Noticed Frederick
 48529 | Depths:3 | Killed Frederick
 48659 | Depths:3 | Reached skill level 10 in Charms
 49036 | Depths:3 | Found a gateway to a ziggurat.
 49199 | Depths:3 | Found Gozag's Antique Armour Shoppe.
 49204 | Depths:3 | Found an opulent altar of Gozag.
 49214 | Depths:3 | Found Gozag's Assorted Antiques.
 49222 | Depths:3 | Found Gozag's Antique Armour Emporium.
 49935 | Depths:4 | Got a translucent ring mail
 49936 | Depths:4 | Identified the +0 ring mail of Fortitude {Regen+ Str-5
                  | Int+5 Slay+3} (You found it on level 4 of the Depths)
 50037 | Depths:4 | Found a one-way gate to the infinite horrors of the Abyss.
 50320 | Depths:4 | Noticed a juggernaut
 50848 | Depths:4 | Killed a juggernaut
 51514 | Depths:4 | Got a glittering bronze ring
 51567 | Depths:4 | Found Ben Vib's Food Boutique.
 51659 | Depths:3 | Identified the ring "Amefer" {rC++ EV+4} (You found it on
                  | level 4 of the Depths)
 51902 | Depths:4 | Noticed a juggernaut
 51916 | Depths:4 | Killed a juggernaut
 51916 | Depths:4 | Reached XP level 25. HP: 172/238 MP: 31/31
 52211 | Depths:5 | Entered Level 5 of the Depths
 52265 | Depths:5 | Identified the ring of Wishful Thinking {Fire rN+}
 52582 | Depths:5 | Found a stormy altar of Qazlal.
 52825 | Depths:5 | Noticed Saint Roka
 52845 | Depths:5 | Killed Saint Roka
 52853 | Depths:5 | Identified the ring of Foeh {Ice Str+4 Dex+3}
 53196 | Depths:5 | Found a gate to the Realm of Zot.
 53441 | Depths:5 | Got a crude wooden ring
 53444 | Depths:5 | Identified the ring "Residiwe" {rPois rN+ Dex+3 Slay-2
                  | SInv} (You found it on level 5 of the Depths)
 54134 | Depths:5 | Found a hazy altar of Hepliaklqana.
 54647 | Vaults:5 | Entered Level 5 of the Vaults
 54647 | Vaults:5 | Noticed an ancient lich
 54654 | Vaults:5 | Gained mutation: You occasionally shout uncontrollably at
                  | your foes. [a shining eye]
 55481 | Vaults:5 | Found Rolehein's Antique Armour Boutique.
 55488 | Vaults:5 | Got a silver rune of Zot
 55500 | Vaults:5 | Learned a level 5 spell: Silence
 56466 | Vaults:5 | Killed an ancient lich
 56693 | Vaults:5 | Noticed an ancient lich
 56709 | Vaults:5 | Killed an ancient lich
 57057 | Vaults:5 | Found Moscheji's Magic Scroll Shop.
 57062 | Vaults:5 | Identified a scroll of acquirement
 57063 | Vaults:5 | lol
 57070 | Vaults:5 | Found Ulellumo's Magic Scroll Shoppe.
 57070 | Vaults:5 | Found Jetoirr's Food Boutique.
 57073 | Vaults:5 | Found Suru's Magic Scroll Shop.
 57186 | Vaults:5 | Found Jirigic's Distillery.
 57186 | Vaults:5 | Found Ibidwihygu's Magic Scroll Boutique.
 57227 | Vaults:5 | Found Cyarry's Distillery.
 57245 | Vaults:5 | Found Upahek's Magic Scroll Shoppe.
 57361 | Vaults:5 | Found Ifeamaes's Antique Armour Boutique.
 57361 | Vaults:5 | Found Fydu Cue's Book Boutique.
 57365 | Vaults:5 | Found Amedashro's Distillery.
 57369 | Vaults:5 | Bought a book of Battle for 840 gold pieces
 57373 | Vaults:5 | Learned a level 3 spell: Spectral Weapon
 57374 | Vaults:5 | Found Linkol's Gadget Shop.
 57381 | Vaults:5 | Learned a level 3 spell: Regeneration
 57819 | D:15     | You paid a toll of 8 scrolls of blinking to enter a
                  | treasure trove
 57820 | Trove    | Entered a treasure trove
 57828 | Trove    | Got a sparkling tin amulet
 57830 | Trove    | Got a transparent graven amulet
 57844 | Trove    | Got a pitted turquoise ring
 57858 | Trove    | Got a faintly glowing robe
 57879 | D:15     | Identified the +2 robe of the Pirate {rPois MP+9} (You
                  | found it in a treasure trove)
 57894 | D:15     | Identified the amulet of Awe {Acrobat Dex+4} (You found it
                  | in a treasure trove)
 57896 | D:15     | Identified the amulet of Pyromania {rElec Regen+} (You
                  | found it in a treasure trove)
 57897 | D:15     | Identified the ring "Haubb" {rPois MP+9 Dex+4 Stlth-} (You
                  | found it in a treasure trove)
 57940 | D:15     | Got a crude helmet
 57951 | D:15     | Identified the +2 helmet "Veimmuoh" {*Contam *Corrode MR+++
                  | Dex+8} (You acquired it on level 15 of the Dungeon)
 57951 | D:15     | lmao
 57951 | D:15     | oh crap it has corrode
 57951 | D:15     | ug
 57952 | D:15     | h
 57954 | D:15     | I'm gonna stick with it anyway tbh
 58091 | Depths:3 | Bought a heavily jewelled robe for 570 gold pieces
 58091 | Depths:3 | Identified the +2 robe of Plasticity {Regen+ Str+2 Stlth+}
                  | (You bought it in a shop on level 3 of the Depths)
 58151 | Zot:1    | Entered Level 1 of the Realm of Zot
 59314 | Zot:4    | Noticed a Killer Klown
 59326 | Zot:4    | Killed a Killer Klown
 59338 | Zot:4    | Noticed a Killer Klown
 59426 | Zot:4    | Killed a Killer Klown
 59690 | Zot:4    | Reached skill level 27 in Dodging
 59819 | Zot:4    | Noticed a Killer Klown
 59823 | Zot:4    | Noticed an ancient lich
 59826 | Zot:4    | Killed a Killer Klown
 60024 | Zot:4    | Killed an ancient lich
 60217 | Zot:4    | Noticed a Killer Klown
 60229 | Zot:4    | Killed a Killer Klown
 60990 | Vaults:5 | Bought a scroll of brand weapon for 300 gold pieces
 60990 | Vaults:5 | Bought a scroll of fog for 30 gold pieces
 60990 | Vaults:5 | Bought a scroll of brand weapon for 300 gold pieces
 60992 | Vaults:5 | gdi
 61004 | Vaults:5 | Bought a scroll of fog for 46 gold pieces
 61004 | Vaults:5 | Bought a scroll of blinking for 172 gold pieces
 61004 | Vaults:5 | Bought a scroll of enchant armour for 172 gold pieces
 61004 | Vaults:5 | Bought a scroll of teleportation for 69 gold pieces
 61015 | Vaults:5 | Bought a potion of heal wounds for 85 gold pieces
 61015 | Vaults:5 | Bought 2 potions of haste for 340 gold pieces
 61015 | Vaults:5 | Bought 2 potions of agility for 136 gold pieces
 61015 | Vaults:5 | Bought 2 potions of might for 136 gold pieces
 61015 | Vaults:5 | Bought a potion of heal wounds for 85 gold pieces
 61015 | Vaults:5 | Bought a potion of resistance for 170 gold pieces
 61015 | Vaults:5 | Bought a potion of invisibility for 136 gold pieces
 61030 | Vaults:5 | Bought a scroll of blinking for 172 gold pieces
 61030 | Vaults:5 | Bought a scroll of fear for 80 gold pieces
 61041 | Vaults:5 | Bought a scroll of teleportation for 57 gold pieces
 61041 | Vaults:5 | Bought a scroll of teleportation for 57 gold pieces
 61052 | Vaults:5 | Bought a scroll of teleportation for 36 gold pieces
 61052 | Vaults:5 | Bought a scroll of teleportation for 36 gold pieces
 61052 | Vaults:5 | Bought a scroll of magic mapping for 42 gold pieces
 61059 | Vaults:5 | Bought a potion of cancellation for 176 gold pieces
 61059 | Vaults:5 | Bought a potion of agility for 88 gold pieces
 61059 | Vaults:5 | Bought a potion of agility for 88 gold pieces
 61059 | Vaults:5 | Bought a potion of haste for 220 gold pieces
 61059 | Vaults:5 | Bought a potion of heal wounds for 110 gold pieces
 61059 | Vaults:5 | Bought a potion of heal wounds for 110 gold pieces
 61538 | Zot:5    | Entered Level 5 of the Realm of Zot
 61686 | Zot:5    | Noticed a Killer Klown
 61700 | Zot:5    | Noticed an orb of fire
 61704 | Zot:5    | Noticed an ancient lich
 61709 | Zot:5    | Noticed an orb of fire
 61711 | Zot:5    | Noticed an orb of fire
 61713 | Zot:5    | Killed a Killer Klown
 61718 | Zot:5    | Noticed an ancient lich
 61723 | Zot:5    | Noticed an orb of fire
 61730 | Zot:5    | Killed an ancient lich
 61730 | Zot:5    | Gained mutation: Your magical capacity is very low. (-20%
                  | MP) [an orb of fire]
 61741 | Zot:5    | Killed an orb of fire
 61755 | Zot:5    | Gained mutation: You are weak. (Str -2) [an orb of fire]
 61763 | Zot:4    | Killed an orb of fire
 62051 | Zot:5    | Lost mutation: You are robust. (+10% HP) [an orb of fire]
 62063 | Zot:5    | Killed an orb of fire
 62213 | Zot:5    | Gained mutation: Armour fits poorly on your strangely
                  | shaped body. [an orb of fire]
 62222 | Zot:5    | Gained mutation: You are partially covered in large bone
                  | plates. (SH +4) [an orb of fire]
 62224 | Zot:5    | Killed an orb of fire
 62224 | Zot:5    | Noticed an orb of fire
 62224 | Zot:5    | Gained mutation: Your magical capacity is extremely low.
                  | (-30% MP) [an orb of fire]
 62249 | Zot:5    | Killed an orb of fire
 62459 | Zot:5    | Noticed a Killer Klown
 62474 | Zot:5    | Killed a Killer Klown
 62529 | Zot:5    | Reached skill level 27 in Fighting
 62580 | Zot:5    | Noticed a Killer Klown
 62638 | Zot:5    | Killed a Killer Klown
 62944 | Zot:5    | Noticed a Killer Klown
 63114 | Zot:5    | Noticed an ancient lich
 63151 | Zot:5    | Killed an ancient lich
 63193 | Zot:5    | Killed an ancient lich
 63497 | Zot:5    | Noticed an orb of fire
 63518 | Zot:5    | Gained mutation: You are very weak. (Str -4) [an orb of
                  | fire]
 63520 | Zot:5    | Killed an orb of fire
 63608 | Zot:5    | Noticed an ancient lich
 63611 | Zot:5    | Noticed an orb of fire
 63621 | Zot:5    | Killed an ancient lich
 63626 | Zot:5    | Killed an orb of fire
 63795 | Zot:5    | Noticed an orb of fire
 63810 | Zot:5    | Gained mutation: You sometimes yell uncontrollably at your
                  | foes. [an orb of fire]
 63816 | Zot:5    | Killed an orb of fire
 63823 | Zot:5    | Killed a Killer Klown
 64006 | Zot:5    | Got the Orb of Zot
 64178 | Depths:3 | Noticed Seonn the pandemonium lord
 64186 | Depths:3 | Killed Seonn the pandemonium lord
 64307 | D:14     | Noticed Emoky the pandemonium lord
 64565 | D:1      | gg
 64566 | D:$      | Escaped with the Orb!

Levels and vault maps discovered:
D:1:      onia_arrival_mini_spirals, layout_basic
D:2:      layout_basic, nicolae_ru_great_annihilating_truth
D:3:      layout_rooms, minmay_overflow_temple_star_hex,
          grunt_temple_overflow_order_and_chaos_1
D:4:      kennysheep_kobold_camp, layout_basic, gammafunk_ghost_split,
          first_ration
D:5:      layout_basic, minmay_temple_entry_tees, basic_altar,
          ebering_ghost_reflecting_pool
D:6:      layout_rooms
D:7:      layout_layer_cave, hellmonk_ghost_happy_afterlife
D:8:      layout_rooms, serial_shops, shop, grunt_pizzeria, uniq_grum
D:9:      layout_cave_pods, dpeg_oklobed_lair, nrook_guardian_serpent_double
D:10:     layout_roguey, minmay_librarian, uniq_sonja, uniq_snorg, uniq_harold,
          uniq_psyche
D:11:     layout_roguey, zombieorc1_lemuel
D:12:     layout_roguey, nicolae_zen_rock_garden, wad_floor_pattern_2,
          minmay_fractal_squares_gapless_5, uniq_josephine, uniq_fannar
D:13:     layout_rooms, david_vaults_2, serial_shops, freezing_bzr, st_stairs_9
D:14:     layout_irregular_city, nrook_mini_vaults,
          portal_ice_cave_demonic_guard
D:15:     grunt_enter_depths_giant_problem, layout_irregular_city,
          kennysheep_flooded_box, nicolae_trove_entry_columns, uniq_kirke,
          uniq_rupert
Lair:1:   layout_gridlike
Lair:2:   layout_misc_corridors, skrybe_swamp_entry_bodies
Lair:3:   layout_roguey, ebering_ghost_xom, eino_small_chamber_without_monster,
          uniq_nergalle, uniq_urug
Lair:4:   layout_hall_layers, minmay_snake_entry_guardpost_small
Lair:5:   regret_index_combs_of_tragedy, layout_regular_city, slime_altar_1,
          grunt_forest_small_clearings, lemuel_oklob_altar
Lair:6:   hangedman_lair_caniforms_friends, layout_loops_ring,
          gammafunk_ghost_cemetery, lookout_lair_type,
          chequers_serial_rivers_micro_c, grunt_megastairs_5
Swamp:1:  layout_falls_marsh, evilmike_swamp_ruin_house_6, uniq_jorgrun
Swamp:2:  layout_basic_swamp, evilmike_swamp_ruin_house_4, swamp_pool1
Swamp:3:  layout_basic_swamp, nicolae_swamp_trees_clearing,
          infiniplex_staircase_pool_2
Swamp:4:  swamp_old_school, layout_basic_swamp
Snake:1:  layout_basic, ebering_ghost_disaster_area, st_stairs_9,
          nrook_loot_triangle, serial_bayou_shore_a
Snake:2:  layout_cave_town, drop_trap
Snake:3:  layout_grid_shapes, drop_trap, chequers_hall_statues_wall_a,
          uniq_asterion
Snake:4:  snake_pit_salamanders_mu, layout_cave_town, uniq_bai_suzhen,
          uniq_aizul, uniq_vashnia
Orc:1:    layout_caves, serial_shops, shop, nicolae_orc_damp_corner
Orc:2:    pubby_orc_utopia, serial_shops
Vaults:1: nicolae_vaults_network_quinsquares
          [nicolae_vaults_network_quincunx_subvault,
          nicolae_vaults_network_quincunx_subvault,
          nicolae_vaults_network_quincunx_subvault,
          nicolae_vaults_network_quincunx_subvault],
          nicolae_vaults_circle_grid_a, nicolae_vaults_network_periphery,
          nicolae_vaults_little_squares_1, v_misc_30,
          nicolae_vaults_little_squares_4, ontoclasm_vaults_decontamination,
          ontoclasm_vaults_misaligned, vaults_dpeg_ring, vaults_room_semicircle,
          layout_vaults_chaotic_city, infiniplex_enter_wizlab_water
Vaults:2: v_misc_33, minmay_crypt_entry_simple_box, hangedman_vaults_maws,
          v_misc_25, ontoclasm_vaults_shout, v_alt_pattern_1,
          grunt_vaults_swirl, v_misc_25, layout_vaults_omnigrid
Vaults:3: hangedman_vaults_impose, v_misc_15, vaults_standard_mumra_x,
          vaults_standard_mumra_enter_the_diamond, vaults_mumra_lcd,
          vaults_room_stairs_pillars, v_misc_1, nicolae_vaults_little_squares_6,
          v_misc_22, nicolae_vaults_asterisk, grunt_vaults_hallway_long,
          v_misc_22, nicolae_vaults_rhombus_5, vaults_dpeg_diagonal,
          layout_vaults_omnicross, uniq_sojobo
Vaults:4: vaults_dpeg_hooks, hangedman_vaults_nodes, ontoclasm_vaults_idyll,
          nicolae_vaults_asterisk, v_misc_23, dpeg_vaults_monster_box,
          nicolae_vaults_twisting_passages, ontoclasm_vaults_ring_small,
          hangedman_vaults_unwind, grunt_vaults_bifocal, v_misc_28,
          nicolae_vaults_three_branches, vaults_room_mumra_shop_pool,
          layout_vaults_maze_bifur, serial_shops, nicolae_shop_behind_doors,
          uniq_mennas
Vaults:5: serial_shops
Depths:1: layout_honeycomb, serial_bayou_ford_a, pf_vacation_house_of_asmodeus,
          grunt_ministairs_13, xom_teletrap_fun, minmay_shop_grove,
          grunt_megastairs_2, serial_bayou_shore_b
Depths:2: minmay_triangles_in_corner, layout_gridlike, rand_demon_pan_entry_7,
          hell_entry, minmay_misc_feat_cross, serial_rivers,
          chequers_serial_rivers_micro_b, chequers_serial_rivers_small_3,
          chequers_serial_rivers_small_b, chequers_serial_rivers_small_a,
          chequers_serial_rivers_marsh, kennysheep_generic_room_16
Depths:3: kennysheep_gozag_temple, layout_small_grid, enter_ziggurat_c,
          rand_demon_pan_entry_9, hell_entry, hangedman_decor_diamond_cutter,
          uniq_frederick
Depths:4: minmay_outward_triangles, layout_gridville, abyss_entry_crystal,
          grunt_hell_horde, grunt_pan_entry_zigzag, serial_shops,
          nicolae_shop_stone, minmay_hollow_rounded_squares
Depths:5: hangedman_spin_cycle, serial_shops, hell_entry
Zot:1:    layout_onion_interference, grunt_ministairs_5, lemuel_golem_globe
Zot:2:    layout_gridlike, st_single_dragon_hoard_2
Zot:3:    layout_gridlike
Zot:4:    ebering_klown_carousel, layout_misc_corridors
Zot:5:    layout_cathedral_of_symmetry

Skill      XL: |  1  2  3  4  5  6  7  8  9 10 11 12 13 14 15 16 17 18 19 20 21 22 23 24 25 |
---------------+----------------------------------------------------------------------------+-----
Fighting       | 3 4 5 6 7 8 11 12 13 15 16 17 18 19 21 22 27 | 27.0
Dodging        | 3 6 7 9 14 13 15 16 18 21 22 27 | 27.0
Throwing       | 5 6 10 12 14 16 21 | 21.8
Stealth        | 0 |  0.0
Polearms       | 5 11 14 15 17 19 20 22 25 26 | 26.0
Spellcasting   | 2 5 6 8 |  8.0
Hexes          | 5 8 |  8.0
Charms         | 4 7 9 12 | 12.0
Air Magic      | 3 5 7 9 |  9.0

Action                   |  1- 3 |  4- 6 |  7- 9 | 10-12 | 13-15 | 16-18 | 19-21 | 22-24 | 25-27 || total
-------------------------+-------+-------+-------+-------+-------+-------+-------+-------+-------++-------
Melee: Short sword       |   149 |   114 |       |       |       |       |       |       |       ||   263
       Dagger            |       |   202 |   416 |       |       |       |       |       |       ||   618
       Unarmed           |       |     6 |       |       |       |       |       |       |       ||     6
       Halberd           |       |       |    97 |       |       |       |       |       |       ||    97
       Glaive            |       |       |    61 |   564 |  1711 |  1328 |   542 |       |       ||  4206
       Battleaxe         |       |       |       |     9 |       |       |       |       |       ||     9
       Tailslap          |       |       |       |     4 |       |       |       |       |       ||     4
       Bardiche          |       |       |       |       |       |       |   639 |   893 |  1607 ||  3139
Throw: Javelin           |     6 |    23 |    24 |    10 |    42 |    16 |       |    50 |    19 ||   190
       Dart              |       |       |    48 |    18 |     9 |       |       |       |       ||    75
 Cast: Confuse           |       |       |       |       |     2 |       |       |       |       ||     2
       Confusing Touch   |       |       |       |       |     1 |       |       |       |       ||     1
       Ozocubu's Armour  |       |       |       |       |       |       |       |     1 |     2 ||     3
       Spectral Weapon   |       |       |       |       |       |       |       |       |     3 ||     3
       Deflect Missiles  |       |       |       |       |       |       |       |       |     2 ||     2
       Regeneration      |       |       |       |       |       |       |       |       |     1 ||     1
Invok: Sacrifice Artific |       |     1 |       |       |       |       |       |       |       ||     1
       Sacrifice Stealth |       |       |     1 |       |       |       |       |       |       ||     1
       Draw Out Power    |       |       |     2 |       |     2 |     1 |       |       |     1 ||     6
       Sacrifice Arcana  |       |       |     1 |       |       |       |       |       |       ||     1
       Sacrifice Experie |       |       |     1 |       |       |       |       |       |       ||     1
       Power Leap        |       |       |       |     6 |     2 |     1 |     1 |     3 |     2 ||    15
       Apocalypse        |       |       |       |     5 |     8 |     8 |     9 |     6 |    11 ||    47
       Sacrifice Essence |       |       |       |     1 |       |       |       |       |       ||     1
  Use: Scroll            |       |     6 |    12 |    13 |     8 |     2 |    15 |     2 |    24 ||    82
       Potion            |       |       |       |     1 |     1 |       |     6 |     1 |    29 ||    38
 Stab: Sleeping          |     2 |       |       |       |       |       |       |       |       ||     2
       Paralysed         |       |     1 |       |     5 |    13 |    18 |    19 |     7 |    25 ||    88
       Invisible         |       |     1 |     3 |     4 |     8 |    15 |    13 |     6 |     9 ||    59
       Distracted        |       |       |     3 |     5 |    14 |    11 |    16 |    11 |    12 ||    72
       Confused          |       |       |       |       |       |       |     2 |       |       ||     2
  Eat: Chunk             |       |     8 |    10 |    19 |    32 |    16 |    24 |    18 |    18 ||   145
       Ration            |       |       |     2 |     2 |     1 |     4 |     3 |     2 |    10 ||    24
Armor: Leather armour    |    44 |    25 |       |       |       |       |       |       |       ||    69
       Scale mail        |       |   107 |   247 |   135 |   284 |   157 |   122 |       |       ||  1052
       Ring mail         |       |       |     2 |     8 |       |       |       |       |       ||    10
       Robe              |       |       |       |       |       |       |    24 |    58 |   105 ||   187
Dodge: Dodged            |   118 |   209 |   380 |   389 |  1045 |   862 |  1113 |   576 |  1054 ||  5746
       Deflected         |       |       |       |       |       |       |       |       |    23 ||    23
Block: Buckler           |       |       |    31 |       |       |       |       |       |       ||    31
       Other             |       |       |    13 |    47 |   131 |    90 |   106 |    38 |    54 ||   479
       Reflection        |       |       |       |       |     1 |    10 |     9 |     1 |     3 ||    24

Table legend:
 A = Non-vault XP
 B = Vault XP
 C = Vault XP percentage of total XP
 D = Non-vault monster count
 E = Vault monster count
 F = Vault count percentage of total count
                 A         B        C        D         E       F
            +---------+---------+-------+---------+---------+-------
      Total |  585832 |  831577 |  58.7 |    1184 |     919 |  43.7
            +---------+---------+-------+---------+---------+-------
        D:1 |      34 |       0 |   0.0 |      19 |       0 |   0.0
        D:2 |      55 |      39 |  41.5 |      20 |       4 |  16.7
        D:3 |      92 |       0 |   0.0 |      19 |       0 |   0.0
        D:4 |     213 |     130 |  37.9 |      19 |      21 |  52.5
        D:5 |     577 |       0 |   0.0 |      14 |       0 |   0.0
        D:6 |     552 |       0 |   0.0 |      11 |       0 |   0.0
        D:7 |    1649 |     227 |  12.1 |      17 |       2 |  10.5
        D:8 |    1974 |     495 |  20.0 |      29 |       3 |   9.4
        D:9 |    5047 |     448 |   8.2 |      29 |       1 |   3.3
       D:10 |    2235 |    3981 |  64.0 |      25 |       5 |  16.7
       D:11 |    3548 |     756 |  17.6 |      32 |      27 |  45.8
       D:12 |    1491 |    4475 |  75.0 |       8 |      11 |  57.9
       D:13 |    5885 |    3706 |  38.6 |      34 |       7 |  17.1
       D:14 |   15700 |     696 |   4.2 |      62 |       2 |   3.1
       D:15 |    6852 |    7099 |  50.9 |      24 |       5 |  17.2
     Lair:1 |    3012 |       0 |   0.0 |      17 |       0 |   0.0
     Lair:2 |    5231 |     503 |   8.8 |      17 |       2 |  10.5
     Lair:3 |    6660 |    3559 |  34.8 |      24 |       4 |  14.3
     Lair:4 |    5784 |     652 |  10.1 |      23 |       4 |  14.8
     Lair:5 |    8169 |   10230 |  55.6 |      29 |      55 |  65.5
     Lair:6 |    8434 |   10821 |  56.2 |      25 |      60 |  70.6
    Swamp:1 |   15003 |    3004 |  16.7 |      33 |       1 |   2.9
    Swamp:2 |    9290 |       0 |   0.0 |      25 |       0 |   0.0
    Swamp:3 |    9617 |       0 |   0.0 |      15 |       0 |   0.0
    Swamp:4 |   17428 |   20028 |  53.5 |      38 |      27 |  41.5
    Snake:1 |   22477 |    2180 |   8.8 |      40 |       3 |   7.0
    Snake:2 |   12620 |       0 |   0.0 |      25 |       0 |   0.0
    Snake:3 |   20081 |    2379 |  10.6 |      41 |       1 |   2.4
    Snake:4 |   14065 |   68144 |  82.9 |      22 |      79 |  78.2
      Orc:1 |    5281 |       0 |   0.0 |      42 |       0 |   0.0
      Orc:2 |       0 |   19652 | 100.0 |       0 |     140 | 100.0
   Vaults:1 |    9866 |    8769 |  47.1 |      20 |      12 |  37.5
   Vaults:2 |   13543 |   10586 |  43.9 |      25 |      23 |  47.9
   Vaults:3 |    8069 |   15768 |  66.1 |      15 |      15 |  50.0
   Vaults:4 |   21346 |   31336 |  59.5 |      31 |      30 |  49.2
   Vaults:5 |   30480 |  135113 |  81.6 |      33 |      91 |  73.4
   Depths:1 |   39404 |    8141 |  17.1 |      52 |      15 |  22.4
   Depths:2 |   37722 |   33726 |  47.2 |      55 |      23 |  29.5
   Depths:3 |   46928 |   18702 |  28.5 |      60 |      15 |  20.0
   Depths:4 |   33005 |   47298 |  58.9 |      37 |      36 |  49.3
   Depths:5 |       0 |   91723 | 100.0 |       0 |      87 | 100.0
      Zot:1 |       0 |    4222 | 100.0 |       0 |       1 | 100.0
      Zot:2 |    4213 |    4281 |  50.4 |       2 |       1 |  33.3
      Zot:3 |   11059 |    2514 |  18.5 |       7 |       1 |  12.5
      Zot:4 |   59055 |   58853 |  49.9 |      34 |      17 |  33.3
      Zot:5 |   62086 |  183543 |  74.7 |      35 |      42 |  54.5
      IceCv |       0 |   12587 | 100.0 |       0 |      45 | 100.0
     WizLab |       0 |    1211 | 100.0 |       0 |       1 | 100.0
            +---------+---------+-------+---------+---------+-------
